 Dungeon Crawl Stone Soup version 0.18.1-50-g88ac8fd (webtiles) character file.

41 wamma the Skirmisher (level 3, -1/29 HPs)
             Began as a Demonspawn Berserker on Sept 15, 2016.
             Was a Believer of Trog.
             Slain by Sigmund
             ... wielding a +0 scythe
              (6 damage)
             ... on level 2 of the Dungeon.
             The game lasted 00:03:48 (846 turns).

wamma the Skirmisher (Demonspawn Berserker)          Turns: 846, Time: 00:03:49

Health: -1/29      AC:  9    Str: 18    XL:     3   Next: 32%
Magic:  3/3        EV:  7    Int:  8    God:    Trog [**....]
Gold:   119        SH:  0    Dex: 12    Spells: 0 memorised, 2 levels left

rFire  . . .     SeeInvis .     j - +2 mace (venom)
rCold  . . .     Gourm    .     l - +0 chain mail
rNeg   . . .     Faith    .     (no shield)
rPois  .         Spirit   .     (no helmet)
rElec  .         Dismiss  .     i - +0 cloak
rCorr  .         Reflect  .     (no gloves)
SustAt .         Harm     .     (no boots)
MR     ++...                    (no amulet)
Stlth  ..........               (no ring)
                                (no ring)

@: lethally poisoned (-1 -> -1), regenerating, very resistant to hostile
enchantments, extremely unstealthy
A: nightstalker 1
a: Berserk, Trog's Hand, Burn Spellbooks, Renounce Religion


You were on level 2 of the Dungeon.
You worshipped Trog.
Trog was pleased with you.
You were not hungry.

You visited 1 branch of the dungeon, and saw 2 of its levels.

You collected 119 gold pieces.

Inventory:

Hand Weapons
 a - a +0 mace
 e - a +0 hand axe of freezing
 j - a +2 mace of venom (weapon)
Armour
 b - a +0 animal skin
 d - a +0 ring mail
 i - a +0 cloak (worn)
 l - a +0 chain mail (worn)
Scrolls
 f - a scroll of blinking {unknown}
 g - 2 scrolls of fog {unknown}
 h - a scroll of magic mapping {unknown}
Potions
 k - a potion of might {unknown}
Comestibles
 c - 2 bread rations
 m - 5 chunks of flesh


   Skills:
 + Level 3.6 Fighting
 + Level 3.1 Maces & Flails
 + Level 2.0 Armour
 + Level 2.0 Dodging


You had 2 spell levels left.
You didn't know any spells.

Dungeon Overview and Level Annotations

Branches:
Dungeon (2/15)

Altars:

Annotations:
D:2 Sigmund


Innate Abilities, Weirdness & Mutations

You are slightly more attuned to the shadows.


Message History

* * * LOW HITPOINT WARNING * * *
You are lethally poisoned!
The adder poisons you!
You are too injured to fight recklessly!
You are too injured to fight recklessly!
Your skin crawls.
You feel resistant to hostile enchantments.
You feel slightly more hungry.
You feel sick.
Sigmund hits you from afar with a scythe.
* * * LOW HITPOINT WARNING * * *
The adder bites you but does no damage. The rat bites you but does no damage.
You feel sick. The adder barely misses you.
You are too injured to fight recklessly!
You are too injured to fight recklessly!
You hit the rat.
You kill the rat!
Trog accepts your kill.
You feel sick. The adder bites you but does no damage.
Sigmund hits you from afar with a scythe.
You die...

.........#.#####...#..#..
.........#.####.......#..
.............##.......#..
......†.....##..........
#........####..........
###.................#....
...........###......#....
.......S...###......##...
.....=@†@.............)..
........................)
.........................
...........####.##..####.
..........?.. ......# #.
...........#####.#.## #.
......###.>. # #. #. #.


You could see Sigmund and an adder.

Vanquished Creatures
  An adder (D:2)
  A worm (D:2)
  A dart slug (D:2)
  5 bats
  4 giant cockroaches
  4 goblins
  4 hobgoblins
  A kobold (D:2)
  A giant newt (D:1)
  4 rats
26 creatures vanquished.

Notes
Turn   | Place    | Note
--------------------------------------------------------------
     0 | D:1      | wamma the Demonspawn Berserker began the quest for the Orb.
     0 | D:1      | Reached XP level 1. HP: 18/18 MP: 1/1
   420 | D:1      | Gained mutation: You are slightly more attuned to the shadows. [demonic ancestry]
   420 | D:1      | Reached XP level 2. HP: 24/24 MP: 2/2
   726 | D:2      | Reached ** piety under Trog
   787 | D:2      | Reached XP level 3. HP: 20/29 MP: 3/3
   839 | D:2      | Noticed Sigmund
   846 | D:2      | Slain by Sigmund

Skill      XL: |  1  2 |
---------------+-------+-----
Dodging        | 2 |  2.0
Maces & Flails | 3 |  3.1
Armour         | 2 |  2.0
Fighting       | |  3.6

Action                   || total
-------------------------++-------
Melee: Mace              ||    72
Invok: Trog's Hand       ||     1
  Use: Scroll            ||     1
       Potion            ||     1
Armor: Ring mail         ||    13
       Animal skin       ||     1
       Chain mail        ||    45
Dodge: Dodged            ||    52
